 Dungeon Crawl Stone Soup version 0.20-a0-375-gc02d24d (console) character file.

147 Garrluk the Firebug (level 5, 0/28 HPs)
             Began as a Deep Elf Fire Elementalist on Dec 28, 2016.
             Succumbed to an orc's poison
             ... on level 3 of the Dungeon.
             The game lasted 00:10:57 (2296 turns).

Garrluk the Firebug (Deep Elf Fire Elementalist)    Turns: 2296, Time: 00:10:58

Health: 0/28       AC:  2    Str:  5    XL:     5   Next: 7%
Magic:  13/13      EV: 13    Int: 21    God:
Gold:   163        SH:  0    Dex: 15    Spells: 4/12 levels left

rFire  . . .     SeeInvis .     y - +1 hand axe (venom)
rCold  . . .     Gourm    .     a - +0 robe
rNeg   . . .     Faith    .     (no shield)
rPois  .         Spirit   .     (no helmet)
rElec  .         Reflect  .     (no cloak)
rCorr  +         Harm     .     (no gloves)
MR     .....                    (no boots)
Stlth  ++........               (no amulet)
                                (no ring)
                                r - ring of resist corrosion

@: lethally poisoned (0 -> -26), flying
A: no striking features
a: no special abilities


You were on level 3 of the Dungeon.
You were hungry.

You visited 1 branch of the dungeon, and saw 3 of its levels.

You collected 163 gold pieces.

Notes
Turn   | Place    | Note
-------+----------+-------------------------------------------
     0 | D:1      | Garrluk the Deep Elf Fire Elementalist began the quest for the Orb.
     0 | D:1      | Reached XP level 1. HP: 10/10 MP: 6/6
   229 | D:1      | Reached XP level 2. HP: 14/15 MP: 4/8
   801 | D:2      | Found a sparkling altar of Nemelex Xobeh.
   829 | D:2      | Reached XP level 3. HP: 19/19 MP: 6/10
   945 | D:2      | Learned a level 3 spell: Conjure Flame
  1377 | D:2      | Found a hazy altar of Hepliaklqana.
  1419 | D:2      | Reached XP level 4. HP: 21/24 MP: 4/11
  1616 | D:2      | Learned a level 4 spell: Sticky Flame
  2191 | D:3      | Reached XP level 5. HP: 28/28 MP: 1/13
  2296 | D:3      | Succumbed to an orc's poison

Inventory:

Hand Weapons
 y - a +1 hand axe of venom (weapon)
   (You took it off an orc on level 3 of the Dungeon)
Armour
 a - a +0 robe (worn)
Jewellery
 r - a ring of resist corrosion (left hand)
   (You found it on level 2 of the Dungeon)
Scrolls
 e - 4 scrolls of remove curse {unknown}
 f - a scroll of noise {unknown}
 h - 2 scrolls of blinking {unknown}
 i - a scroll of fog {unknown}
 j - 4 scrolls of magic mapping {unknown}
 l - a scroll of amnesia {unknown}
 p - 6 scrolls of identify {unknown}
 q - a scroll of recharging {unknown}
 s - a scroll of immolation {unknown}
 x - a scroll of fear {unknown}
Potions
 d - a potion of degeneration {unknown}
 g - a potion of brilliance {unknown}
 m - a potion of heal wounds {unknown}
 n - a potion of flight
 o - a potion of lignification {unknown}
Books
 b - a book of Flames

   Spells                             Type                      Level
   a - Flame Tongue                   Conjuration/Fire             1
   b - Throw Flame                    Conjuration/Fire             2
   c - Conjure Flame                  Conjuration/Fire             3
   d - Inner Flame                    Hexes/Fire                   3
   e - Sticky Flame                   Conjuration/Fire             4
   f - Fireball                       Conjuration/Fire             5
 w - a book of Conjurations
   (You found it on level 3 of the Dungeon)

   Spells                             Type                      Level
   a - Magic Dart                     Conjuration                  1
   b - Searing Ray                    Conjuration                  2
   c - Dazzling Spray                 Conjuration/Hexes            3
   d - Fulminant Prism                Conjuration/Hexes            4
   e - Iskenderun's Mystic Blast      Conjuration                  4
   f - Iskenderun's Battlesphere      Conjuration/Charms           5
Comestibles
 c - a bread ration
 k - 3 meat rations
 t - 2 fruits
 u - a slice of pizza

Table legend:
 A = Turns spent in this place as a percentage of turns spent in the entire game.
 B = Non-inter-level travel turns spent in this place as a percentage of non-inter-level travel turns spent in the entire game.
 C = Inter-level travel turns spent in this place as a percentage of turns spent in this place.
 D = Turns resting spent in this place as a percentage of non-inter-level travel turns spent in this place.
 E = Turns spent auto-exploring this place as a percentage of non-inter-level travel turns spent in this place.
 F = Non-inter-level travel turns spent in this place divided by the number of levels of this place that you've seen.
                   A       B       C       D       E      F
               +-------+-------+-------+-------+-------+----------------------
         Total | 100.0 | 100.0 |   0.9 |   5.0 |  17.9 | 154.3
       Dungeon | 100.0 | 100.0 |   0.9 |   5.0 |  17.9 | 154.3
               +-------+-------+-------+-------+-------+----------------------


   Skills:
 + Level 0.1 Fighting
 + Level 2.9 Dodging
 + Level 3.1 Stealth
 + Level 4.3 Spellcasting
 + Level 2.5 Conjurations
 + Level 4.5 Fire Magic


You had 4 spell levels left.
You knew the following spells:

 Your Spells              Type           Power        Failure   Level  Hunger
a - Flame Tongue          Conj/Fire      ###..        2%          1    None
b - Sticky Flame          Conj/Fire      ###.....     28%         4    ####...
c - Conjure Flame         Conj/Fire      ###.....     10%         3    ##.....


Dungeon Overview and Level Annotations

Branches:
Dungeon (3/15)

Altars:
Hepliaklqana
Nemelex Xobeh


Message History

You miss the orc wizard. You closely miss the orc.
You feel sick. The orc barely misses you.
The orc wizard hits you with a dagger.
The orc hits you with a short sword of venom.
You are lethally poisoned!
It was a potion of flight.
You feel very buoyant.
You fly up into the air.
You feel less confused.
You feel sick.
The orc wizard gestures wildly while chanting.
The orc wizard flickers and vanishes!
Deactivating autopickup; reactivate with Ctrl-A.
The orc hits you but does no damage.
You are more poisoned.
Okay, then.
* * * LOW HITPOINT WARNING * * *
You feel sick.
A magic dart appears from out of thin air!
The magic dart hits you!
* * * LOW HITPOINT WARNING * * *
You die...

#.......# #.# .#.
#.......' ..# #.#
#.......# .. #..
#....<..# .# #..
#.......# .. #..
#.......#### .# #..
#..........# .# #..
#......{...###.# #..
#......o...'.#.# #.#
#..........#.#.# #.#
#....@.........# #.#
#..........#.### #>#
#..>.......#)# #.#
#..........#.# #..
#..........#.# ###
#####'#######.#########
#.....# #..........
#.....### ###########
#.....#.. . #.....'..
.# #.....#g# ###.


You could see an orc.

Table legend:
 A = Kills in this place as a percentage of kills in entire the game.
 B = Kills by you in this place as a percentage of kills by you in the entire game.
 C = Kills by friends in this place as a percentage of kills by friends in the entire game.
 D = Other kills in this place as a percentage of other kills in the entire game.
 E = Experience gained in this place as a percentage of experience gained in the entire game.
 F = Experience gained in this place divided by the number of levels of this place that you have seen.
                   A       B       C       D       E      F
               +-------+-------+-------+-------+-------+----------------------
         Total | 100.0 | 100.0 |  -nan |  -nan | 100.0 |  70.0
       Dungeon | 100.0 | 100.0 |  -nan |  -nan | 100.0 |  70.0
               +-------+-------+-------+-------+-------+----------------------

Vanquished Creatures
  Monster Symbol All 'S'
  4 adders (D:2)
4 creatures vanquished. All 'b' 6 bats
6 creatures vanquished. All 'g' 5 goblins 7 hobgoblins
12 creatures vanquished. All 'h' 2 jackals (D:1)
2 creatures vanquished. All 'l' 2 frilled lizards
2 creatures vanquished. All 'o' An orc priest (D:3) An orc wizard (D:3) An orc (D:3)
3 creatures vanquished. All 'r' 2 quokkas (D:3) 6 rats
8 creatures vanquished. All 's' A giant cockroach (D:2)
1 creature vanquished. All 'w' A worm (D:2) 4 dart slugs
5 creatures vanquished.
43 creatures vanquished. Monster Nature Natural Monsters An orc priest (D:3) An orc wizard (D:3) 4 adders (D:2) A worm (D:2) 4 dart slugs An orc (D:3) A giant cockroach (D:2) 5 goblins 7 hobgoblins 2 jackals (D:1) 2 quokkas (D:3) 6 bats 2 frilled lizards 6 rats
43 creatures vanquished.
43 creatures vanquished. Ascending Order An orc priest (D:3) An orc wizard (D:3) A worm (D:2) An orc (D:3) A giant cockroach (D:2) 2 jackals (D:1) 2 quokkas (D:3) 2 frilled lizards 4 adders (D:2) 4 dart slugs 5 goblins 6 bats 6 rats 7 hobgoblins
43 creatures vanquished.

Action                   |  1- 3 |  4- 6 || total
-------------------------+-------+-------++-------
Melee: Whip              |     2 |     5 ||     7
       Hand axe          |       |     2 ||     2
 Cast: Flame Tongue      |    71 |    29 ||   100
  Use: Scroll            |       |     1 ||     1
       Potion            |       |     1 ||     1
 Stab: Sleeping          |       |     2 ||     2
  Eat: Chunk             |     1 |     2 ||     3
Armor: Robe              |    13 |     1 ||    14
Dodge: Dodged            |    17 |    14 ||    31
